cohdb
Replays
Latest Replays
All Replays
Popular Replays
Top Player Replays
Match Explorer
How It Works
Community
CoH3 Stats
Reddit
Sign in to upload your games and track your stats! →
Sign in with Steam
Match 36848664
Unlisted
Match 36848664
Overview
Messages
Build Orders
End
Panzergrenadier Squad
Selects Battlefield Espionage Battlegroup
250 Light Carrier
Panzerpioneer Squad
Forward Retreat Point
Construct Light Support Kompanie
Fire Support Elements
Selects Intel Disruption Beacon
Flakvierling Half-track
Pak 38 Mechanized Group
2.5-tonne Medical Truck
le.IG 18 Support Gun Team
Selects Plunder
Construct Panzerarmee Kommand
le.IG 18 Mechanized Group
Walking Stuka Rocket Launcher
Flak 36 Anti-tank Gun Team
Panzer III L Medium Tank
Rapid Advance
Selects Firestorm
Firestorm
Emergency Repair Kits
Vehicle Survival Package
Selects 250/3 Funkpanzerwagen
Selects Anti-Tank Incendiary Munitions
Armored Reserves
Firestorm
Panzer IV Assault Group
UH|dun! ツ
UH|XTC
Waaaargh!!
TrusTable
devilbuggy
OGSpud
0
0
Comments
sign in to comment!
No comments posted yet!